Map: Odyssey LE

Players

Yata

  • Race: Zerg Zerg
  • League: Gold
  • Spawn Location: 11:00

SpartanAlumn - Winner!

  • Race: Zerg Zerg
  • League: Gold
  • Spawn Location: 5:00

VOD

Have the link to the VOD?

Description

Time

  • Played on: Sept. 9, 2017, 7:32 p.m.
  • Length: 15:11
Show
View Real Time Build Order
Export as new Build Order

Yata Zerg 

Build Orders: Hatch First 

Get SALT Encoding   

  12  0:00  Drone  
  13  0:12  Overlord  
  13  0:29  Drone  
  13  0:31  Drone  
  15  0:35  Drone  
  16  0:45  Drone  
  17  0:58  Hatchery  
  17  1:00  Drone  
  17  1:07  Drone  
  18  1:14  Extractor  
  17  1:20  Drone, Spawning Pool  
  17  1:28  Drone  
  18  1:39  Drone  
  19  1:54  Drone  
  19  2:00  Overlord  
  20  2:08  Queen  
  20  2:10  Queen  
  20  2:12  Zergling x4  
  26  2:22  Drone x2  
  28  2:37  Baneling Nest  
  28  2:38  Metabolic Boost  
  28  2:43  Zergling x4  
  29  2:48  Overlord  
  29  2:51  Drone  
  30  3:03  Drone x2  
  32  3:11  Drone x2  
  34  3:16  Pneumatized Carapace  
  34  3:18  Evolution Chamber  
  33  3:23  Drone x8  
  41  3:32  Extractor  
  41  3:33  Drone  
  41  3:35  Overlord  
  41  3:39  Baneling  
  41  3:40  Baneling  
  41  3:47  Drone x2  
  43  3:54  Overlord  
  43  3:59  Drone x4  
  47  4:06  Zerg Melee Weapons Level 1  
  47  4:08  Queen  
  49  4:10  Zergling x2  
  49  4:11  Zergling x4  
  51  4:24  Zergling x2  
  51  4:25  Zergling x10  
  56  4:32  Drone  
  55  4:38  Baneling  
  55  4:39  Baneling x2  
  55  4:46  Zergling x6  
  55  4:47  Zergling x2  
  55  4:48  Overlord  
  55  4:49  Overlord  
  59  4:53  Hatchery, Lair  
  58  5:14  Zergling x18  
  53  5:36  Roach Warren  
  53  5:38  Zergling x2, Extractor  
  53  5:39  Zergling x6  
  53  5:40  Zergling x8  
  53  5:41  Zergling x4  
  61  5:44  Extractor  
  60  5:57  Evolution Chamber  
  59  6:06  Zerg Missile Weapons Level 1  
  59  6:08  Drone x6  
  65  6:15  Glial Reconstitution  
  65  6:20  Overlord x4  
  65  6:21  Overlord x3  
  65  6:27  Baneling x3  
  65  6:28  Baneling x3  
  65  6:29  Baneling  
  65  6:38  Roach x3  
  71  6:42  Roach  
  73  6:48  Roach  
  73  6:49  Roach x2  
  75  7:05  Roach  
  75  7:06  Roach x4  
  64  7:16  Zerg Ground Armor Level 1  
  64  7:18  Zergling x2  
  69  7:28  Roach x3  
  73  7:36  Roach x5  
  79  7:37  Roach  
  81  7:47  Centrifical Hooks  
  81  7:56  Roach x3  
  74  8:00  Zergling x2  
  74  8:01  Roach x2  
  67  8:07  Roach x2  
  68  8:35  Roach x4  
  76  8:46  Zerg Missile Weapons Level 2  
  76  8:48  Hatchery  
  75  9:00  Roach  
  77  9:05  Hatchery  
  76  9:14  Roach x4  
  84  9:17  Drone  
  84  9:18  Drone  
  86  9:27  Zerg Ground Armor Level 2  
  86  9:34  Infestation Pit  
  85  9:43  Roach x3  
  88  9:49  Roach x2  
  92  9:56  Roach x2  
  96  10:03  Roach x2  
  100  10:09  Roach x2  
  100  10:10  Roach  
  98  10:22  Roach  
  98  10:23  Roach x3  
  106  10:42  Roach x7  
  104  10:46  Roach  
  90  10:51  Roach  
  70  11:11  Roach x3  
  70  11:12  Roach x3  
  70  11:16  Roach  
  70  11:17  Roach  
  76  11:26  Drone x3  
  76  11:32  Hive  
  79  11:37  Roach x2  
  85  11:54  Roach x5  
  85  11:57  Drone  
  85  11:58  Drone  
  95  12:08  Drone x5  
  100  12:25  Drone x3  
  100  12:26  Drone x4  
  107  12:43  Hatchery  
  102  13:07  Zergling x10  
  105  13:35  Spire  
  94  13:43  Roach, Zergling x2  
  94  13:45  Roach x4  
  87  13:50  Roach x6  
  99  14:01  Roach x5  
  106  14:14  Roach x4  
  106  14:15  Roach  
  80  14:27  Roach  
  80  14:28  Roach x4  
  74  14:41  Roach x2  
  78  14:48  Roach  
  78  14:49  Roach  
Show
View Real Time Build Order
Export as new Build Order

SpartanAlumn Zerg - Winner!

Build Orders: Hatch First 

Get SALT Encoding   

  12  0:03  Drone  
  13  0:12  Overlord  
  13  0:17  Drone  
  14  0:30  Drone x2  
  16  0:37  Drone  
  17  0:55  Drone  
  17  0:56  Hatchery  
  17  0:59  Extractor  
  17  1:00  Drone  
  17  1:08  Drone  
  18  1:19  Spawning Pool  
  18  1:24  Drone  
  18  1:30  Drone  
  19  1:40  Overlord  
  19  1:53  Drone  
  20  2:02  Drone  
  20  2:06  Extractor  
  20  2:09  Drone  
  20  2:13  Queen  
  20  2:15  Queen  
  23  2:17  Drone  
  23  2:22  Drone  
  27  2:24  Metabolic Boost  
  27  2:27  Drone  
  28  2:33  Roach Warren  
  27  2:40  Drone  
  28  2:45  Drone x3  
  31  2:54  Lair  
  31  3:00  Drone x2  
  33  3:10  Drone x2  
  33  3:12  Drone  
  36  3:22  Overlord  
  36  3:26  Overlord  
  36  3:41  Zergling x14  
  43  3:49  Drone  
  43  3:55  Hydralisk Den  
  43  3:56  Roach  
  43  3:59  Overlord  
  45  4:03  Roach  
  45  4:04  Roach x2  
  51  4:10  Overlord  
  51  4:12  Drone  
  47  4:31  Hydralisk  
  47  4:32  Hydralisk x3  
  47  4:35  Hydralisk x2  
  57  4:43  Drone x2  
  59  4:47  Evolution Chamber  
  59  4:48  Roach, Evolution Chamber  
  59  4:49  Roach x3  
  65  4:54  Hydralisk  
  61  5:23  Roach  
  61  5:24  Roach x2  
  61  5:26  Overlord x3  
  67  5:36  Glial Reconstitution  
  67  5:37  Overlord  
  67  5:38  Overlord x2  
  67  5:44  Overlord x2  
  67  5:49  Drone  
  68  6:04  Hydralisk  
  68  6:05  Hydralisk x2  
  74  6:20  Hydralisk x4  
  74  6:22  Zergling x2  
  74  6:23  Zergling x6  
  86  6:44  Hydralisk  
  86  6:45  Hydralisk  
  86  6:46  Hydralisk  
  92  6:47  Zergling x2  
  92  6:53  Extractor  
  92  6:54  Drone x6  
  93  6:55  Extractor  
  85  7:15  Roach  
  85  7:16  Roach x3  
  91  7:27  Roach x2  
  91  7:28  Roach x3  
  101  7:37  Drone x3  
  104  7:51  Hatchery  
  89  8:03  Roach  
  89  8:04  Roach x7  
  85  8:15  Roach x2  
  89  8:27  Drone x4  
  92  8:34  Hydralisk  
  92  8:35  Hydralisk x2  
  98  8:49  Pneumatized Carapace  
  98  9:01  Roach  
  98  9:02  Roach x7  
  114  9:09  Drone x4  
  118  9:15  Extractor  
  117  9:18  Drone  
  117  9:19  Drone  
  117  9:20  Extractor  
  118  9:27  Zerg Ground Armor Level 1, Zerg Missile Weapons Level 1  
  118  9:46  Hydralisk x4  
  118  9:47  Hydralisk  
  128  9:54  Zergling x2  
  128  9:55  Zergling x2  
  128  9:58  Overlord  
  128  9:59  Overlord x4  
  130  10:10  Drone  
  130  10:12  Infestation Pit  
  112  10:24  Zergling x8  
  112  10:25  Zergling x4  
  106  10:44  Hydralisk x5  
  87  11:05  Zergling x12  
  87  11:11  Queen  
  90  11:15  Muscular Augments  
  90  11:17  Hive  
  70  11:24  Zergling x10  
  75  11:35  Hydralisk x4  
  79  11:53  Roach x7  
  92  12:00  Roach x3  
  94  12:08  Roach x2  
  96  12:10  Roach  
  96  12:12  Zerg Missile Weapons Level 2, Zerg Ground Armor Level 2  
  98  12:18  Hydralisk x7  
  110  12:23  Zergling x2  
  110  12:24  Zergling x6  
  110  12:28  Roach  
  116  12:32  Ravager  
  116  12:33  Ravager x7  
  116  12:35  Drone x2  
  126  12:47  Ultralisk Cavern  
  123  13:06  Hatchery  
  120  13:13  Hydralisk x6  
  132  13:23  Zergling x2  
  132  13:24  Zergling x4  
  132  13:25  Zergling x2  
  132  13:26  Zergling x2  
  131  13:48  Zergling x10  
  130  13:49  Zergling x4  
  123  14:18  Hatchery  
  123  14:20  Zergling x2  
  123  14:21  Zergling x14  
Tags
 
League
GoldGold
Matchup
ZvZ
Race
Zerg
Replay Pack
Pack 1
Spawn Locations
Cross Positions
Add a new tag
Caveats
  • Supply blocks, unpowered buildings, or Contaminate may cause inaccurate times.
  • Supply counts are checked every 10 seconds.